Match 28613059
Unlisted

Match 28613059
End
Construct Section Command Post
Royal Engineer Section
Dingo Light Scout Car
Infantry Section
Infantry Section
Infantry Section
Construct Field Infirmary
Construct Platoon Command Post
Unlock M3 Stuart Light Tanks
M3 Stuart Light Tank
Grenade Package
Construct Company Command Post
6-pounder Anti-tank Gun Team
6-pounder Anti-tank Gun Team
Selects Air and Sea Battlegroup
Selects Commando Section Paradrop
Selects M1 Pack Howitzer Paradrop
Selects Commando Section Paradrop
Selects M1 Pack Howitzer Paradrop
Crusader II Medium Tank
Selects Incendiary Bombing Run
Incendiary Bombing Run
Crusader II Medium Tank
Crusader II Medium Tank
Incendiary Bombing Run
sniper shot reduces your mom lif
CAuMOH
Septimum
bunkerbuster
0
0

Comments sign in to comment!

No comments posted yet!